 Dungeon Crawl Stone Soup version 0.29.1-15-g9cfb28693d (webtiles) character file.

Game seed: 15644546334204865484

62 Carnifexus the Magician (level 4, -1/35 HPs)
             Began as a Djinni Hedge Wizard on Mar 27, 2023.
             Frozen to death by an endoplasm (7 damage)
             ... on level 1 of the Dungeon.
             The game lasted 00:03:41 (1135 turns).

Carnifexus the Magician (Djinni Hedge Wizard)       Turns: 1135, Time: 00:03:42

Health: -1/35      AC:  6    Str: 11    XL:     4   Next: 28%
Gold:   29         EV: 10    Int: 15    God:
                   SH:  0    Dex: 13

rFire   + + .      SeeInvis .   e - staff of earth
rCold   x . .      Faith    .   (no shield)
rNeg    . . .      Spirit   .   l - +0 scale mail
rPois   ∞          Reflect  .   c - +0 hat
rElec   .          Harm     .   (no cloak)
rCorr   .          Rampage  .   (no gloves)
Will    .....                   (boots unavailable)
Stlth   +.........              (no amulet)
HPRegen 0.11/turn               (no ring)
MPRegen 0.00/turn               (no ring)

@: flying, very slightly contaminated
A: sickness immunity, fire resistance 2, cold vulnerability 1, float, innate
caster, HP casting, extra vitality 1
a: no special abilities


You were on level 1 of the Dungeon.
You visited 1 branch of the dungeon, and saw 2 of its levels.

You collected 29 gold pieces.

Inventory:

Hand Weapons
 a - a +0 dagger
 f - a +0 great sword
Armour
 b - a +0 robe
 c - a +0 hat (worn)
 g - a +0 ring mail
 l - a +0 scale mail (worn)
Magical Staves
 e - a staff of earth (weapon)
Scrolls
 h - a scroll of magic mapping
 i - 3 scrolls of identify
 k - a scroll of amnesia


   Skills:
 + Level 3.2 Fighting
 + Level 2.9 Staves
 + Level 3.1 Armour
 + Level 4.5 Dodging
 + Level 3.5 Stealth
 + Level 4.6 Spellcasting


You couldn't memorise any spells.
You knew the following spells:

 Your Spells              Type           Power      Damage    Failure   Level
a - Magic Dart            Conj           68%        1d6       14%         1
b - Blink                 Tloc           34%        N/A       21%         2
c - Call Imp              Summ           17%        N/A       21%         2
d - Slow                  Hex            68%        N/A       14%         1
e - Conjure Flame         Conj/Fire      17%        6-21      38%         3
f - Mephitic Cloud        Conj/Pois/Air  17%        N/A       38%         3
g - Sandblast             Erth           52%        2d12      14%         1
Your spell library was empty.

Dungeon Overview and Level Annotations

Branches:
Dungeon (2/15)

Altars:


Innate Abilities, Weirdness & Mutations

You are immune to sickness and miasma.
You are immune to poison.
Your flesh is very heat resistant. (rF++)
You are vulnerable to cold. (rC-)
You float through the air rather than walking.
You learn spells naturally, not from books.
Your magical power is your life essence.
You have superior vitality. (+4 MHP)


Message History

You fly downwards.
The gnoll hits you with a +0 spear.
There is a stone staircase leading up here.
There are no items here.
There are no items here.
The magic dart hits the gnoll.
The gnoll is heavily wounded.
The endoplasm quivers.
The gnoll hits you with a +0 spear.
The magic dart hits the gnoll.
The gnoll is heavily wounded.
The gnoll hits you with a +0 spear.
The magic dart hits the gnoll.
The gnoll is almost dead.
The gnoll hits you with a +0 spear.
You miscast Magic Dart.
You are very lightly contaminated with residual magic.
Nothing appears to happen.
The endoplasm closely misses you. The gnoll hits you with a +0 spear.
You are too injured to fight recklessly!
You are too injured to fight recklessly!
You are too injured to fight recklessly!
The endoplasm freezes you.
You are frozen.
You feel a terrible chill! The gnoll closely misses you.
You fly upwards.
There is a stone staircase leading down here.
You hit the gnoll but do no damage.
The gnoll is almost dead.
The endoplasm freezes you.
You are frozen!
You feel a terrible chill!
* * * LOW HITPOINT WARNING * * *
The gnoll hits you with a +0 spear.
* * * LOW HITPOINT WARNING * * *
You hit the gnoll.
You kill the gnoll!
The endoplasm hits you but does no damage.
You hit the endoplasm.
The endoplasm is heavily wounded.
The endoplasm freezes you.
You are frozen!
You feel a terrible chill!
You die...

#....#...............
#.##.#.#############.
#.##.#.# #.........
#....#.# #.########
#.####.# #.#
###########......# #.#
#.........######## #.#
###.........############.#
.)'.........'..J@)....##.#
###....(....####.####.##.#
#..[...(..# ##'## #.##.#
###.........# #..[# #....#
............# #...# ######
....######### #...# ....#
#...# ##### #...# ## #..)#


You could see an endoplasm.

Vanquished Creatures
  2 gnolls
  An adder (D:2)
  A bat (D:1)
  2 giant cockroaches (D:1)
  2 goblins (D:1)
  3 quokkas (D:1)
  A ball python (D:1)
  A kobold (D:1)
13 creatures vanquished.

Vanquished Creatures (others)
  4 toadstools (D:1)
4 creatures vanquished.

Grand Total: 17 creatures vanquished

Notes
Turn   | Place    | Note
-------+----------+-------------------------------------------
     0 | D:1      | Carnifexus the Djinni Hedge Wizard began the quest for the
                  | Orb.
     0 | D:1      | Carnifexus set off with the following spells memorised:
                  | Magic Dart, Blink, Call Imp, Slow, Conjure Flame, Mephitic
                  | Cloud.
     0 | D:1      | Reached XP level 1. HP: 15/15 MP: 0/0
   434 | D:1      | Reached XP level 2. HP: 17/21 MP: 0/0
   956 | D:2      | Reached XP level 3. HP: 30/30 MP: 0/0
   956 | D:2      | Learned a level 1 spell: Sandblast
   966 | D:2      | Reached XP level 4. HP: 17/35 MP: 0/0
  1135 | D:1      | Frozen to death by an endoplasm

Illustrated notes

Levels and vault maps discovered:
D:1:      ldierk_walled_garden_2, layout_basic
D:2:      layout_basic, shapermc_ecumenical_altar_notcrosses,
          uniq_crazy_yiuf_cottage

Skill      XL: |  1  2 |
---------------+-------+-----
Fighting       | 3 |  3.2
Staves         | 2 |  2.9
Armour         | 3 |  3.1
Dodging        | 4 |  4.5
Stealth        | 3 |  3.5
Spellcasting   | 4 |  4.6

Action                   |  1- 3 |  4- 6 || total
-------------------------+-------+-------++-------
Melee: Staff             |    39 |     3 ||    42
       Dagger            |    16 |       ||    16
       Punch             |     1 |       ||     1
 Cast: Magic Dart        |     9 |     3 ||    12
  Use: Scroll            |     2 |       ||     2
       Potion            |     1 |       ||     1
Armor: Ring mail         |    19 |       ||    19
       Robe              |     5 |       ||     5
       Scale mail        |     4 |     1 ||     5
Dodge: Dodged            |    36 |     2 ||    38
